 Dungeon Crawl Stone Soup version 0.29.0-7-g18a832c13a (webtiles) character file.

Game seed: 10229855391859652196

795 SensoryNuts the Carver (level 7, -5/60 HPs)
             Began as a Minotaur Fighter on Aug 31, 2022.
             Splashed by a jelly's acid (8 damage)
             ... on level 6 of the Dungeon.
             The game lasted 00:06:56 (5919 turns).

SensoryNuts the Carver (Minotaur Fighter)           Turns: 5919, Time: 00:06:56

Health: -5/60      AC:  1    Str: 21    XL:     7   Next: 58%
Magic:  6/6        EV: 10    Int:  5    God:
Gold:   334        SH:  5    Dex: 11    Spells: 6/6 levels left

rFire   + . .      SeeInvis .   a - +2 long sword
rCold   + . .      Faith    .   c - +0 buckler
rNeg    . . .      Spirit   .   b - +0 scale mail
rPois   .          Reflect  .   (helmet restricted)
rElec   .          Harm     .   i - scarf {rC+ rF+}
rCorr   .          Rampage  .   f - +1 pair of gloves
Will    .....                   (no boots)
Stlth   ..........              (no amulet)
HPRegen 0.20/turn               (no ring)
MPRegen 0.10/turn               (no ring)

@: corroded, invisible
A: horns 2, retaliatory headbutt
a: no special abilities


You were on level 6 of the Dungeon.
You visited 2 branches of the dungeon, and saw 7 of its levels.

You collected 334 gold pieces.

Inventory:

Hand Weapons
 a - a +2 long sword (weapon)
Armour
 b - a +0 scale mail (worn)
 c - a +0 buckler (worn)
 f - a +1 pair of gloves (worn)
 i - a scarf of resistance (worn)
Wands
 m - a wand of iceblast (4)
 q - a wand of polymorph (9)
Scrolls
 t - a scroll of teleportation
Potions
 e - a potion of berserk rage
 g - a potion of curing
 h - a potion of degeneration
 j - a potion of flight
 l - a potion of cancellation
 n - 2 potions of brilliance {unknown}
 p - a potion of ambrosia {unknown}
 r - a potion of magic {unknown}


   Skills:
 + Level 4.7 Fighting
 * Level 8.2 Long Blades
 + Level 5.8 Armour
 + Level 1.5 Dodging
 + Level 0.3 Stealth
 + Level 4.4 Shields


You had 6 spell levels left.
You didn't know any spells.
Your spell library contained the following spells:

 Spells                   Type           Power      Damage    Failure   Level
 Magic Dart               Conj           0%         1d3       87%         1
 Call Imp                 Summ           0%         N/A       95%         2
 Mephitic Cloud           Conj/Pois/Air  0%         N/A       99%         3


Dungeon Overview and Level Annotations

Branches:
Dungeon (6/15)             Temple (1/1) D:4

Altars:
Ashenzari
Dithmenos
Elyvilon
Fedhas
Gozag
Hepliaklqana
Kikubaaqudgha
Nemelex Xobeh
Okawaru
Qazlal
Ru
Sif Muna
Uskayaw
Vehumet
Wu Jian
Xom
Yredelemnul
The Shining One

Shops:
D:4 :*

Annotations:
D:6 1 transporter, dang3rdave's ghost, novice DjCK


Innate Abilities, Weirdness & Mutations

You have a pair of horns on your head.
You reflexively headbutt those who attack you in melee.


Message History

You feel sick.
You feel sick.
You feel sick.
You feel sick.
You feel sick.
You feel sick.
You feel sick.
You are no longer poisoned.
You are no longer corroded.
A scorpion comes into view.
A scorpion is nearby!
A scorpion is nearby!
A scorpion is nearby!
A scorpion is nearby!
A scorpion is nearby!
A scorpion is nearby!
You are too injured to fight recklessly!
A scorpion is nearby!
A scorpion is nearby!
You fade into invisibility!
Okay, then.
A jelly comes into view.
The jelly quivers.
The jelly moves out of view.
You barely miss the jelly. The jelly hits you but does no damage.
You hit the jelly. The acid corrodes you!
Your hands burn!
* * * LOW HITPOINT WARNING * * *
Your headbutt misses the jelly.
The jelly is moderately wounded.
The scorpion stings you but does no damage.
The jelly hits you but does no damage.
You hit the jelly.
Your hands burn!
* * * LOW HITPOINT WARNING * * *
The jelly is heavily wounded.
The scorpion stings you!
* * * LOW HITPOINT WARNING * * *
The jelly hits you.
* * * LOW HITPOINT WARNING * * *
The acid corrodes you!
You are splashed with acid!
You die...

####### ....... ..#
#..# ....... ..#
#..# ....... ###.#
#..# ##....... ..#.#
#..# #J....... # #.#
#..# ##@..# # #.#
##..# ##.s.## # #.#
#...# ##...## ###.#
#...# #.†.##
)...###...###...#
...........#...##
....##..........#
....#..)............
.##.#.#...####.©.###


You could see a scorpion (unable to see you) and a jelly.

Vanquished Creatures
  2 ogres
  A phantom (D:4)
  A scorpion (D:6)
  3 hounds (D:5)
  A jelly (D:6)
  Crazy Yiuf (D:2)
  11 gnolls
  9 adders
  2 river rats (D:5)
  A shadow imp (D:5)
  3 worms
  3 dart slugs
  10 orcs
  3 ball pythons
  12 endoplasms
  9 giant cockroaches
  7 goblins
  7 hobgoblins
  7 jackals
  A quokka (D:2)
  7 bats
  4 frilled lizards
  A hobgoblin zombie (D:6)
  2 kobolds
  3 orc zombies (D:6)
  14 rats
125 creatures vanquished.

Notes
Turn   | Place    | Note
-------+----------+-------------------------------------------
     0 | D:1      | SensoryNuts the Minotaur Fighter began the quest for the
                  | Orb.
     0 | D:1      | Reached XP level 1. HP: 19/19 MP: 0/0
     1 | D:1      | Found a runed translucent door.
   284 | D:1      | Reached XP level 2. HP: 25/27 MP: 1/1
   717 | D:1      | Reached skill level 3 in Long Blades
   723 | D:1      | Reached XP level 3. HP: 32/33 MP: 2/2
   874 | D:2      | Found a runed translucent door.
   875 | D:2      | Noticed Crazy Yiuf
  1107 | D:2      | Reached skill level 4 in Long Blades
  1107 | D:2      | Reached XP level 4. HP: 38/40 MP: 3/3
  1161 | D:2      | Reached skill level 1 in Dodging
  1428 | D:2      | Found a faded altar of an unknown god.
  1679 | D:2      | Killed Crazy Yiuf
  1680 | D:2      | Reached skill level 5 in Long Blades
  1680 | D:2      | Reached XP level 5. HP: 22/46 MP: 4/4
  2729 | D:4      | Found Wiadotid's Vocational Training.
  2846 | D:4      | Noticed a phantom
  2861 | D:4      | Killed a phantom
  2865 | D:4      | Reached skill level 6 in Long Blades
  2865 | D:4      | Reached XP level 6. HP: 28/52 MP: 5/5
  3430 | D:4      | Found a staircase to the Ecumenical Temple.
  3570 | D:4      | Found Uboseorph's Assorted Antiques.
  3835 | Temple   | Entered the Ecumenical Temple
  4144 | D:5      | Entered Level 5 of the Dungeon
  4256 | D:5      | Reached skill level 5 in Armour
  4445 | D:5      | Reached skill level 7 in Long Blades
  4562 | D:5      | Reached XP level 7. HP: 54/60 MP: 6/6
  5844 | D:6      | Found a transporter.
  5848 | D:6      | Noticed dang3rdave's ghost (novice DjCK)
  5854 | D:6      | Reached skill level 8 in Long Blades
  5919 | D:6      | HP: 3/60 [jelly (1)]
  5919 | D:6      | Splashed by a jelly's acid

Illustrated notes

Levels and vault maps discovered:
D:1:      dpeg_arrival_caged_fury, layout_basic, minmay_tromino_v4_a
D:2:      layout_basic, hellmonk_ecumenical_altar_heavens_door,
          serial_corexii_hall, corexii_hall_statues_l,
          corexii_hall_statues_deadend, uniq_crazy_yiuf_cottage
D:3:      layout_basic, minmay_splitting_lines
D:4:      layout_loops_ring, minmay_temple_entry_antechambers, serial_shops,
          nicolae_lakefront_shop, hangedman_abyss_or_decor_jellyfish_corner,
          nicolae_shop_vocational
D:5:      layout_basic, portal_sewer_entry_e, minmay_misc_feat_tower,
          ebering_dispersal_statue_hall, minmay_misc_feat_nine_boxes,
          minmay_misc_feat_alley
D:6:      layout_layer_cave, serial_shops, shop, gammafunk_ghost_stat_death,
          minmay_mini_ossuary, uniq_menkaure
Temple:   dpeg_five_rooms_temple

Skill      XL: |  1  2  3  4  5  6  7 |
---------------+----------------------+-----
Armour         | 4 5 |  5.8
Shields        | 4 |  4.4
Long Blades    | 3 4 5 6 7 8 |  8.2
Fighting       | 4 |  4.7
Dodging        | 1 |  1.5
Stealth        | |  0.3

Action                   |  1- 3 |  4- 6 |  7- 9 || total
-------------------------+-------+-------+-------++-------
Melee: Long sword        |    90 |   133 |    60 ||   283
       Headbutt          |    15 |    23 |    16 ||    54
  Use: Scroll            |     2 |     8 |     5 ||    15
       Potion            |       |     3 |     1 ||     4
Armor: Scale mail        |    33 |    33 |    25 ||    91
Dodge: Dodged            |    45 |    46 |    20 ||   111
Block: Buckler           |    16 |    29 |    10 ||    55
